 Dungeon Crawl Stone Soup version 0.23.2-40-g277498a001 (webtiles) character file.

Game seed: 529536466730944352

3227 Exodus22XD the Frost Mage (level 9, -3/45 HPs)
             Began as a Deep Elf Ice Elementalist on Sept 23, 2019.
             Was a Priest of Kikubaaqudgha.
             Slain by a fire bat (5 damage)
             ... on level 1 of the Lair of Beasts.
             The game lasted 00:57:14 (8284 turns).

Exodus22XD the Frost Mage (DEIE)                    Turns: 8284, Time: 00:57:17

Health: -3/45      AC:  3    Str:  5    XL:     9   Next: 66%
Magic:  7/25       EV: 13    Int: 28    God:    Kikubaaqudgha [***...]
Gold:   390        SH:  0    Dex: 19    Spells: 14/28 levels left

rFire    . . .     SeeInvis .   u - staff of energy
rCold    . . .     Gourm    .   (no shield)
rNeg     . . .     Faith    .   a - +0 robe
rPois    +         Spirit   .   E - +0 hat "Qiewuin" {Int+4 Dex+4} (curse)
rElec    .         Reflect  .   (no cloak)
rCorr    .         Harm     .   (no gloves)
MR       .....                  q - +0 pair of boots
Stlth    ++........             (no amulet)
HPRegen  0.15/turn              n - ring of poison resistance
MPRegen  0.19/turn              (no ring)

@: no status effects
A: no striking features
a: Receive Corpses, Renounce Religion


You were on level 1 of the Lair of Beasts.
You worshipped Kikubaaqudgha.
Kikubaaqudgha was most pleased with you.
You were not hungry.

You visited 3 branches of the dungeon, and saw 11 of its levels.

You collected 390 gold pieces.

Inventory:

Hand Weapons
 h - a +0 dagger
Armour
 a - a +0 robe (worn)
 q - a +0 pair of boots (worn)
 w - the +1 ring mail of the Will of the Gods {rElec rN+ Dex+4}
   (You found it on level 8 of the Dungeon)

   It affects your dexterity (+4).
   It insulates you from electricity.
   It protects you from negative energy.
 E - the cursed +0 hat "Qiewuin" (worn) {Int+4 Dex+4}
   (You found it on level 9 of the Dungeon)

   It affects your intelligence (+4).
   It affects your dexterity (+4).
   It has a curse placed upon it.
Magical Staves
 u - an uncursed staff of energy (weapon)
Jewellery
 n - a ring of poison resistance (left hand)
Wands
 j - a wand of polymorph (8)
 x - a wand of acid (6)
 B - a wand of scattershot (6)
 D - a wand of enslavement (12)
Scrolls
 b - 2 scrolls of enchant weapon
 d - 2 scrolls of magic mapping
 g - 7 scrolls of remove curse
 i - 4 scrolls of teleportation
 k - a scroll of immolation {unknown}
 l - 2 scrolls of fear
 o - a scroll of enchant armour {unknown}
 r - a scroll of acquirement {unknown}
 y - 2 scrolls of amnesia
 C - a scroll of vulnerability {unknown}
Potions
 e - 2 potions of magic
 f - a potion of curing {unknown}
 m - a potion of lignification {unknown}
 p - a potion of mutation {unknown}
 t - a potion of agility {unknown}
 z - a potion of brilliance {unknown}
 A - 3 potions of flight {unknown}
Comestibles
 c - 10 rations
 s - a chunk of flesh


   Skills:
 - Level 2.4 Dodging
 - Level 2.4 Stealth
 * Level 10.3 Spellcasting
 - Level 3.0 Conjurations
 - Level 4.2 Summonings
 - Level 5.3 Necromancy
 - Level 10.4 Ice Magic


You had 14 spell levels left.
You knew the following spells:

 Your Spells              Type           Power        Failure   Level  Hunger
a - Freeze                Ice            ####         1%          1    None
b - Ozocubu's Armour      Chrm/Ice       #####...     1%          3    None
c - Throw Frost           Conj/Ice       ######       1%          2    None
d - Summon Ice Beast      Ice/Summ       ######..     1%          4    None
e - Animate Skeleton      Necr           N/A          1%          1    None
f - Mephitic Cloud        Conj/Pois/Air  ###.....     8%          3    None

Your spell library contained the following spells:

 Spells                   Type           Power        Failure   Level  Hunger
 Magic Dart               Conj           ####         1%          1    None
 Pain                     Necr           ####         1%          1    None
 Sting                    Conj/Pois      ###.         1%          1    None
 Call Imp                 Summ           #####...     1%          2    None
 Sublimation of Blood     Necr           #####.....   1%          2    None
 Vampiric Draining        Necr           #####.....   1%          3    None
 Throw Icicle             Conj/Ice       ######..     2%          4    None
 Animate Dead             Necr           N/A          4%          4    None
 Blink                    Tloc           N/A          6%          2    None
 Poisonous Vapours        Pois/Air       ##....       6%          2    None
 Slow                     Hex            ##......     6%          2    None
 Conjure Flame            Conj/Fire      ###.....     6%          3    None
 Agony                    Necr           #####...     12%         5    None
 Dispel Undead            Necr           #####...     12%         5    None
 Bolt of Draining         Conj/Necr      #####.....   19%         5    None
 Excruciating Wounds      Chrm/Necr      ####......   34%         5    None
 Olgreb's Toxic Radiance  Pois           ##......     36%         4    None
 Venom Bolt               Conj/Pois      ###.......   50%         5    None


Dungeon Overview and Level Annotations

Branches:
Dungeon (9/15)             Temple (1/1) D:5            Lair (1/6) D:8
    Orc: D:9-12

Altars:
Ashenzari
Cheibriados
Dithmenos
Elyvilon
Fedhas
Gozag
Kikubaaqudgha
Makhleb
Nemelex Xobeh
Okawaru
Qazlal
Ru
Sif Muna
Trog
Uskayaw
Vehumet
Wu Jian
Xom
Yredelemnul
The Shining One

Shops:
D:7 :

Annotations:
D:3 Grinder
D:4 2 transporters, LifeCrow's ghost, novice HOGl
D:7 Joseph


Message History

The crocodile bites your ice beast!
Your ice beast dies!
Your ice beast hits the crocodile but does no damage.
Casting: Freeze (safe; 1% risk of failure)
Confirm with . or Enter, or press ? or * to list all spells.
Aiming: Throw Frost (safe; 1% risk of failure)
Press: ? - help, Shift-Dir - straight line, f/p - crocodile
Aim: a crocodile (almost dead)
The puff of frost hits the crocodile!
You kill the crocodile!
Kikubaaqudgha accepts your kill.
There is a staircase back to the Dungeon here.
Okay, then.
The fire bat bites you.
* * * LOW HITPOINT WARNING * * *
You are engulfed in flames!
* * * LOW HITPOINT WARNING * * *
The fire bat bites you.
You die...
Kikubaaqudgha rasps: "You have failed me!
Welcome... death!"

#≈≈≈≈##..
.#§§§§##.. .
.#§§≈≈##...
.#≈≈§≈##.#.
.#.#.#.... .
.......b.# ..
.........# ...
.......bb# ....
#.......@# ...#
#....).†Y##....##
#...[...........#
S...............#
................#
S.........##≈##.#
..........#≈≈≈#.#
...........≈≈≈...
.........#≈≈≈#.#


You could see 3 fire bats and a friendly ice beast.

Vanquished Creatures
  A water moccasin (Lair:1)
  2 ogres
  A crocodile (Lair:1)
  A bullfrog (D:7)
  3 killer bees (D:7)
  4 crimson imps
  4 hounds
  An orc priest (D:9)
  An orc wizard (D:9)
  Jessica (D:3)
  2 worker ants
  7 adders
  A shadow imp (D:6)
  4 oozes
  2 worms (D:3)
  2 dart slugs
  4 leopard geckos
  8 orcs
  A ball python (D:2)
  6 bats
  4 giant cockroaches
  4 goblins
  7 hobgoblins
  10 jackals
  9 kobolds
  3 quokkas
  6 frilled lizards
  A jackal skeleton (D:5)
  6 rats
106 creatures vanquished.

Vanquished Creatures (collateral kills)
  3 deep elf magi (D:9)
  A komodo dragon (D:8)
  A hornet (D:9)
  A fire bat (Lair:1)
  A hungry ghost (D:9)
  An orc warrior (D:6)
  A swamp drake (D:9)
  3 ogres
  An ice beast (D:5)
  A phantom (D:9)
  6 sky beasts
  A centaur (D:8)
  A big kobold (D:8)
  3 scorpions
  3 wights (D:4)
  4 killer bees (D:8)
  2 howler monkeys
  A bullfrog skeleton (D:5)
  3 hounds
  3 orc priests
  An iron imp (D:9)
  3 orc wizards
  A worker ant zombie (D:5)
  4 gnolls (D:7)
  An adder (D:6)
  2 shadow imps
  A white imp (D:9)
  An adder skeleton (D:9)
  A worm (D:5)
  15 orcs
  2 jackals (D:9)
  A kobold (D:8)
  A quokka zombie (D:7)
75 creatures vanquished.

Vanquished Creatures (others)
  An orc (D:9)
  7 plants
8 creatures vanquished.

Grand Total: 189 creatures vanquished

Notes
Turn   | Place    | Note
-------+----------+-------------------------------------------
     0 | D:1      | Exodus22XD the Deep Elf Ice Elementalist began the quest
                  | for the Orb.
     0 | D:1      | Reached XP level 1. HP: 10/10 MP: 6/6
    80 | D:1      | Reached XP level 2. HP: 12/15 MP: 2/8
   597 | D:2      | Reached XP level 3. HP: 19/19 MP: 7/10
  1218 | D:2      | Found a bloodstained altar of Trog.
  1637 | D:3      | Noticed Grinder
  1687 | D:2      | Learned a level 3 spell: Ozocubu's Armour
  1690 | D:2      | Learned a level 2 spell: Throw Frost
  1978 | D:3      | Found a bloodstained altar of Trog.
  2016 | D:3      | Reached XP level 4. HP: 19/24 MP: 6/12
  2161 | D:3      | Noticed Jessica
  2169 | D:3      | Killed Jessica
  2420 | D:4      | Noticed an ogre
  2436 | D:4      | Killed an ogre
  2436 | D:4      | Reached skill level 5 in Spellcasting
  2436 | D:4      | Reached skill level 5 in Ice Magic
  2436 | D:4      | Reached XP level 5. HP: 28/28 MP: 4/14
  2559 | D:4      | Found a transporter.
  2561 | D:4      | Found a transporter.
  2801 | D:4      | Reached XP level 6. HP: 16/32 MP: 7/16
  2967 | D:4      | Learned a level 4 spell: Summon Ice Beast
  3049 | D:4      | Reached skill level 1 in Summonings
  3349 | D:4      | Found a hide-covered altar of Uskayaw.
  3349 | D:4      | Found a sparkling altar of Nemelex Xobeh.
  3357 | D:4      | Found a burning altar of Makhleb.
  3360 | D:4      | Found a shadowy altar of Dithmenos.
  3361 | D:4      | Found an iron altar of Okawaru.
  3362 | D:4      | Found a glowing golden altar of the Shining One.
  3454 | D:4      | Identified the +2 halberd of Truncation {venom, rElec rPois
                  | Str+4}
  3461 | D:4      | Noticed LifeCrow's ghost (novice HOGl)
  3511 | D:5      | Entered Level 5 of the Dungeon
  3544 | D:5      | Found a staircase to the Ecumenical Temple.
  3564 | Temple   | Entered the Ecumenical Temple
  3635 | Temple   | Became a worshipper of Kikubaaqudgha
  3678 | D:5      | Noticed a sky beast
  3705 | D:5      | Killed a sky beast
  3863 | D:5      | Reached XP level 7. HP: 36/36 MP: 8/17
  4807 | D:6      | Found an opulent altar of Gozag.
  4965 | D:6      | Reached * piety under Kikubaaqudgha
  4965 | D:6      | Identified Kikubaaqudgha's Volume of Unholy Arts
                  | (Kikubaaqudgha gifted it to you on level 6 of the Dungeon)
  4965 | D:6      | Received a gift from Kikubaaqudgha
  4974 | D:6      | Learned a level 1 spell: Animate Skeleton
  5018 | D:6      | Found a sacrificial altar of Ru.
  5036 | D:6      | Reached XP level 8. HP: 39/41 MP: 16/21
  5153 | D:6      | Reached skill level 1 in Necromancy
  5382 | D:7      | Found Fojiheu's Book Boutique.
  5667 | D:7      | Reached skill level 5 in Necromancy
  5815 | D:7      | Reached ** piety under Kikubaaqudgha
  5818 | D:7      | Noticed Joseph
  6197 | D:8      | Found a staircase to the Lair.
  6198 | D:8      | Noticed a komodo dragon
  6430 | D:8      | Learned a level 2 spell: Throw Frost
  6716 | D:8      | Killed a komodo dragon
  6742 | D:7      | Noticed a hippogriff
  6772 | D:8      | Got a smoking ring mail
  6783 | D:8      | Identified the +1 ring mail of the Will of the Gods {rElec
                  | rN+ Dex+4} (You found it on level 8 of the Dungeon)
  6876 | D:9      | Found a radiant altar of Vehumet.
  6877 | D:9      | Found a shimmering altar of Xom.
  6877 | D:9      | Found a stormy altar of Qazlal.
  6879 | D:9      | Noticed a hornet
  6914 | D:9      | Killed a hornet
  7046 | D:9      | Reached XP level 9. HP: 42/45 MP: 4/22
  7383 | D:9      | Reached *** piety under Kikubaaqudgha
  7383 | D:9      | Identified Kikubaaqudgha's Incunabulum of Unholy Rites
                  | (Kikubaaqudgha gifted it to you on level 9 of the Dungeon)
  7383 | D:9      | Received a gift from Kikubaaqudgha
  7620 | D:9      | Noticed a deep elf mage
  7635 | D:9      | Killed a deep elf mage
  7635 | D:9      | Reached skill level 10 in Ice Magic
  7652 | D:9      | Noticed a deep elf mage
  7657 | D:9      | Killed a deep elf mage
  7662 | D:9      | Got a fine hat
  7678 | D:9      | Identified the cursed +0 hat "Qiewuin" {Int+4 Dex+4} (You
                  | found it on level 9 of the Dungeon)
  7806 | D:9      | Noticed a deep elf mage
  7829 | D:9      | Killed a deep elf mage
  7908 | D:9      | Found a blossoming altar of Fedhas.
  8234 | D:8      | Learned a level 3 spell: Mephitic Cloud
  8266 | Lair:1   | Entered Level 1 of the Lair of Beasts
  8276 | Lair:1   | Reached skill level 10 in Spellcasting
  8284 | Lair:1   | HP: 2/45 [fire bat (9)]
  8284 | Lair:1   | Slain by a fire bat

Skill      XL: |  1  2  3  4  5  6  7  8  9 |
---------------+----------------------------+-----
Ice Magic      | 4 5 6 9 10 | 10.4
Spellcasting   | 4 5 7 10 | 10.3
Conjurations   | 2 3 |  3.0
Summonings     | 4 |  4.2
Necromancy     | 5 |  5.3
Dodging        | |  2.4
Stealth        | |  2.4

Action                   |  1- 3 |  4- 6 |  7- 9 || total
-------------------------+-------+-------+-------++-------
Melee: Dagger            |     4 |       |     7 ||    11
 Cast: Freeze            |    67 |    16 |    40 ||   123
       Throw Frost       |       |    35 |    50 ||    85
       Summon Ice Beast  |       |    14 |    70 ||    84
       Animate Skeleton  |       |       |    23 ||    23
       Ozocubu's Armour  |       |       |     3 ||     3
Invok: Receive Corpses   |       |       |     1 ||     1
  Use: Scroll            |       |     1 |     9 ||    10
 Stab: Sleeping          |     2 |       |     1 ||     3
  Eat: Chunk             |     3 |     7 |    11 ||    21
       Ration            |       |       |     2 ||     2
Armor: Robe              |     8 |       |     9 ||    17
       Ring mail         |       |       |     2 ||     2
Dodge: Dodged            |    30 |     7 |    31 ||    68
